 Dungeon Crawl Stone Soup version 0.28.0 (webtiles) character file.

Game seed: 13471507976589530230

24 krispywithak the Ruffian (level 2, -3/23 HPs)
             Began as a Draconian Transmuter on Feb 4, 2022.
             Slain by an adder (4 damage)
             ... on level 2 of the Dungeon.
             The game lasted 00:03:19 (1995 turns).

krispywithak the Ruffian (Draconian Transmuter)     Turns: 1995, Time: 00:03:19

Health: -3/23      AC:  4    Str: 12    XL:     2   Next: 79%
Magic:  3/5        EV: 12    Int: 13    God:
Gold:   46         SH:  0    Dex: 11    Spells: 1/5 levels left

rFire   . . .      SeeInvis .     - Unarmed
rCold   . . .      Faith    .   (no shield)
rNeg    . . .      Spirit   .   (armour unavailable)
rPois   .          Reflect  .   (helmet restricted)
rElec   .          Harm     .   (no cloak)
rCorr   .          Rampage  .   (no gloves)
Will    .....                   (no boots)
Stlth   +.........              (no amulet)
HPRegen 0.07/turn               (no ring)
MPRegen 0.09/turn               (no ring)

@: wereblooded
A: AC +4, unfitting armour, cold-blooded
a: no special abilities


You were on level 2 of the Dungeon.
You visited 1 branch of the dungeon, and saw 2 of its levels.

You collected 46 gold pieces.

Inventory:

Missiles
 i - 17 stones
Armour
 b - a +0 scale mail
 e - a +2 leather armour of fire resistance
Scrolls
 d - a scroll of enchant armour {unknown}
 g - 2 scrolls of identify {unknown}
Potions
 a - 2 potions of ambrosia {unknown}
 c - 3 potions of curing {unknown}
 f - a potion of mutation {unknown}
 h - a potion of brilliance {unknown}


   Skills:
 + Level 1.2 Fighting
 + Level 2.2 Dodging
 + Level 0.1 Stealth
 + Level 3.4 Unarmed Combat
 + Level 2.2 Spellcasting
 + Level 2.1 Transmutations


You had one spell level left.
You knew the following spells:

 Your Spells              Type           Power      Damage    Failure   Level
a - Beastly Appendage     Tmut           14%        N/A       11%         1
b - Wereblood             Tmut           7%         N/A       16%         2
c - Summon Small Mammal   Summ           4%         N/A       26%         1

Your spell library contained the following spells:

 Spells                   Type           Power      Damage    Failure   Level
 Spider Form              Tmut/Pois      4%         N/A       43%         3
 Call Canine Familiar     Summ           1%         N/A       58%         3
 Summon Guardian Golem    Hex/Summ       1%         N/A       58%         3
 Tukima's Dance           Hex            1%         N/A       58%         3
 Ice Form                 Ice/Tmut       4%         N/A       85%         4
 Anguish                  Hex/Necr       0%         N/A       94%         4
 Enfeeble                 Hex            0%         N/A       100%        7


Dungeon Overview and Level Annotations

Branches:
Dungeon (2/15)

Altars:

Shops:
D:1 [


Innate Abilities, Weirdness & Mutations

Your plain brown scales are hard. (AC +4)
You cannot fit into any form of body armour.
You are cold-blooded and may be slowed by cold attacks.


Message History

Your punch misses the adder. The adder closely misses you.
You completely miss the adder.
A rat comes into view.
The adder bites you.
You hit the adder but do no damage. The adder bites you.
You are poisoned.
The adder poisons you!
You hit the adder.
Your tail-slap misses the adder.
The adder is moderately wounded.
You feel sick. The rat barely misses you. The adder bites you.
Casting: Wereblood (safe; 16% risk of failure)
Confirm with . or Enter, or press ? or * to list all spells.
Your blood is infused with primal strength.
You feel sick. The adder bites you but does no damage.
The rat closely misses you. The hobgoblin barely misses you.
You barely miss the adder.
Your tail-slap misses the adder.
The adder is lightly wounded.
You feel sick. The adder closely misses you.
The rat bites you but does no damage. The hobgoblin barely misses you.
The adder bites you.
You barely miss the adder.
Your tail-slap misses the adder.
The adder is lightly wounded.
You feel sick. The rat barely misses you. The adder bites you.
* * * LOW HITPOINT WARNING * * *
The hobgoblin hits you.
* * * LOW HITPOINT WARNING * * *
You hit the adder.
The adder is moderately wounded.
* * * LOW HITPOINT WARNING * * *
You feel sick. The adder barely misses you. The rat barely misses you.
The hobgoblin misses you.
You hit the adder.
The adder is heavily wounded.
* * * LOW HITPOINT WARNING * * *
You feel sick.
You are no longer poisoned.
The adder barely misses you. The rat bites you but does no damage.
The hobgoblin closely misses you. The adder bites you.
You die...

######.#
#Sg....#
#@# #r#
...
##...
#####


You could see an adder, a hobgoblin and a rat.

Vanquished Creatures
  A dart slug (D:1)
  3 endoplasms (D:1)
  A giant cockroach (D:1)
  2 goblins (D:1)
  2 hobgoblins (D:1)
  6 ball pythons (D:1)
  2 bats (D:1)
  2 frilled lizards (D:1)
  2 rats (D:1)
21 creatures vanquished.

Notes
Turn   | Place    | Note
-------+----------+-------------------------------------------
     0 | D:1      | krispywithak the Draconian Transmuter began the quest for
                  | the Orb.
     0 | D:1      | Reached XP level 1. HP: 16/16 MP: 3/3
  1153 | D:1      | Found Olep's Antique Armour Shoppe.
  1188 | D:1      | Reached XP level 2. HP: 23/23 MP: 5/5
  1614 | D:1      | Learned a level 2 spell: Wereblood
  1616 | D:1      | Learned a level 1 spell: Summon Small Mammal
  1994 | D:2      | HP: 1/23 [poisoned by an adder]
  1995 | D:2      | Slain by an adder

Illustrated notes

Levels and vault maps discovered:
D:1:      minmay_arrival_three_doors, layout_loops_ring, serial_shops, shop,
          minmay_crystal_water, nicolae_figureground_sparkle
D:2:      minmay_recursive_quarters, layout_loops_ring, minmay_surrounded,
          uniq_robin

Skill      XL: |  1  2 |
---------------+-------+-----
Dodging        | 2 |  2.2
Fighting       | |  1.2
Stealth        | |  0.1
Unarmed Combat | |  3.4
Spellcasting   | |  2.2
Transmutations | |  2.1

Action                   || total
-------------------------++-------
Melee: Unarmed           ||    56
       Tailslap          ||     4
       Punch             ||     2
       Hand axe          ||     1
       Kick              ||     1
       Headbutt          ||     1
 Cast: Beastly Appendage ||     3
       Wereblood         ||     2
Armor: Skin              ||    27
Dodge: Dodged            ||    74
